Map: Mothership LE

Players

LiquidClem (Clem) - Winner!

  • Race: Terran Terran
  • Spawn Location: 1:00

herO

  • Race: Protoss Protoss
  • Spawn Location: 9:00

VOD

Have the link to the VOD?

Description

Time

  • Played on: Dec. 2, 2025, 11:05 p.m.
  • Length: 24:36
Show
View Real Time Build Order
Export as new Build Order

LiquidClem Terran - Winner!

Build Orders: Cyclone Opening 

Get SALT Encoding   

  12  0:00  SCV  
  13  0:12  SCV  
  14  0:17  Supply Depot  
  14  0:24  SCV  
  15  0:39  SCV  
  15  0:40  Barracks  
  16  0:44  Refinery  
  16  0:51  SCV  
  17  1:03  SCV  
  18  1:15  SCV  
  19  1:27  Orbital Command  
  20  1:39  Marine, Command Center  
  20  1:49  Factory  
  20  1:53  SCV  
  21  2:02  Barracks Tech Lab  
  21  2:03  Supply Depot  
  21  2:07  SCV  
  22  2:14  Refinery  
  22  2:19  SCV  
  23  2:31  SCV  
  24  2:38  Cyclone  
  24  2:39  Marine  
  28  2:45  SCV  
  28  2:50  Orbital Command  
  29  2:53  Barracks  
  29  2:57  SCV  
  31  3:04  Barracks Reactor  
  30  3:10  SCV  
  30  3:11  Siege Tank  
  34  3:13  Barracks  
  34  3:16  SCV  
  35  3:22  SCV  
  35  3:26  Supply Depot  
  36  3:28  SCV  
  36  3:35  SCV  
  36  3:40  Marine x2, SCV  
  40  3:48  SCV  
  41  3:49  Supply Depot  
  41  3:50  Marine, Stimpack  
  41  3:52  SCV  
  43  4:00  SCV, Barracks Tech Lab, Engineering Bay  
  44  4:03  Marine x2  
  44  4:04  SCV  
  47  4:10  Marine  
  47  4:11  Bunker  
  47  4:12  SCV  
  50  4:17  SCV  
  50  4:18  Marine, Combat Shield  
  51  4:24  Marine x2, SCV  
  51  4:26  Terran Infantry Weapons Level 1  
  51  4:29  SCV  
  55  4:34  Starport  
  55  4:36  SCV  
  56  4:38  Supply Depot  
  56  4:42  Marauder  
  56  4:43  SCV  
  56  4:45  Factory Reactor  
  59  4:49  Marauder  
  59  4:50  Marine  
  62  4:58  SCV, Refinery  
  62  5:00  Marine, SCV  
  63  5:08  Marauder, Supply Depot  
  63  5:09  Marine  
  63  5:10  SCV  
  63  5:12  SCV  
  68  5:14  Refinery  
  68  5:16  Marauder  
  70  5:27  Supply Depot, Missile Turret  
  70  5:30  Marine x2, SCV x2  
  70  5:32  Marine, Supply Depot  
  75  5:38  Factory Reactor, Concussive Shells  
  75  5:39  Marauder  
  75  5:42  SCV  
  78  5:48  Medivac x2, SCV  
  83  5:55  Command Center  
  83  5:57  Marine x2  
  83  6:01  Supply Depot  
  83  6:03  SCV x2  
  87  6:07  Marauder  
  87  6:10  Missile Turret  
  89  6:13  Marauder  
  89  6:15  SCV  
  89  6:16  SCV  
  93  6:20  Widow Mine  
  93  6:23  Marine x2, Widow Mine  
  98  6:27  SCV  
  98  6:28  SCV  
  98  6:32  Medivac  
  101  6:39  Supply Depot  
  102  6:40  Terran Infantry Armor Level 1  
  102  6:49  Barracks  
  102  6:50  Barracks, Marine  
  102  6:52  Supply Depot  
  102  7:00  Marauder, Medivac, Widow Mine x2  
  110  7:03  Supply Depot  
  110  7:06  Marauder, SCV x2  
  114  7:12  Marine x2  
  114  7:13  Medivac  
  118  7:18  SCV x2  
  120  7:28  Widow Mine x2  
  124  7:30  SCV x2  
  124  7:31  Orbital Command  
  124  7:33  Missile Turret  
  124  7:36  Marauder  
  127  7:39  Barracks Reactor  
  127  7:40  Barracks Tech Lab  
  127  7:41  Marine x2  
  127  7:42  SCV  
  127  7:43  SCV  
  131  7:47  Supply Depot  
  131  7:49  Medivac  
  131  7:50  Medivac  
  135  7:55  SCV  
  135  7:56  Widow Mine x2  
  135  7:57  SCV  
  141  7:59  Supply Depot  
  141  8:07  Marine, SCV  
  141  8:08  Marauder  
  141  8:09  Marine  
  141  8:11  Marauder  
  133  8:14  Marauder  
  133  8:15  SCV  
  133  8:17  SCV  
  133  8:19  Marine x2  
  119  8:21  SCV  
  119  8:24  Marine  
  119  8:25  Ghost Academy  
  119  8:26  Marine  
  121  8:27  Medivac x2  
  121  8:29  Marauder  
  121  8:30  Widow Mine x2  
  121  8:31  SCV  
  121  8:32  Marine  
  127  8:34  SCV  
  127  8:36  Marauder  
  127  8:39  Marine x2  
  130  8:47  Marine x2  
  130  8:48  Refinery  
  130  8:50  Armory, Refinery  
  130  8:51  Marauder x2, Engineering Bay  
  134  8:57  Reaper  
  134  9:01  Command Center  
  135  9:06  Widow Mine  
  135  9:07  Sensor Tower  
  135  9:08  Marine x2, Widow Mine  
  134  9:11  Marine  
  134  9:13  Marine  
  134  9:14  Ghost  
  134  9:16  Ghost  
  130  9:25  Viking, Supply Depot  
  130  9:28  Ghost, Marine x2  
  130  9:31  SCV x3  
  138  9:35  Viking, Marine x2  
  143  9:41  Terran Infantry Weapons Level 2  
  143  9:44  Terran Infantry Armor Level 2, Starport  
  143  9:47  Marine x2  
  143  9:48  Marauder  
  143  9:49  Supply Depot  
  143  9:52  Supply Depot  
  147  9:54  Marine x2  
  147  9:56  Viking  
  151  10:03  Marauder x2  
  151  10:05  Viking  
  156  10:14  Bunker  
  156  10:18  Sensor Tower, Supply Depot  
  156  10:19  Terran Ship Weapons Level 1  
  156  10:21  Viking x2  
  158  10:26  Viking  
  158  10:28  Barracks, Ghost  
  163  10:29  Barracks  
  163  10:32  Barracks  
  163  10:34  Ghost  
  165  10:35  Marine x2  
  165  10:36  Marine x2, SCV  
  170  10:47  Missile Turret  
  170  10:49  Missile Turret  
  168  10:51  Marauder, SCV  
  168  10:56  Viking  
  166  10:57  SCV  
  166  11:02  Marine x3  
  165  11:06  Medivac  
  165  11:09  Marauder, Marine  
  165  11:10  Marauder  
  156  11:12  Marauder  
  156  11:16  Medivac  
  139  11:20  Medivac  
  139  11:22  Marine x3  
  143  11:26  Marine x3  
  143  11:28  Medivac  
  143  11:31  Marauder x2  
  143  11:32  Marine  
  153  11:34  Marauder  
  153  11:36  Medivac, SCV x2  
  153  11:39  Marine  
  160  11:47  Marine  
  160  11:48  Barracks Tech Lab x2  
  160  11:49  Barracks Tech Lab  
  160  11:50  Medivac, Marine  
  160  11:52  Marauder x2  
  160  11:53  SCV  
  168  11:55  Marauder  
  169  12:01  SCV  
  169  12:04  Marine  
  169  12:05  Marine, SCV  
  172  12:09  Medivac  
  172  12:10  Marine  
  172  12:13  Ghost  
  172  12:14  Marauder, Planetary Fortress  
  179  12:15  SCV  
  179  12:16  Ghost  
  179  12:19  SCV x2  
  182  12:24  Medivac  
  182  12:28  SCV  
  182  12:29  Refinery  
  182  12:30  Marauder, Marine  
  182  12:31  SCV x2  
  182  12:34  Viking  
  182  12:35  Marauder  
  180  12:37  Viking  
  180  12:38  Marauder  
  180  12:39  Viking, Marauder, Marine x2  
  180  12:43  Marauder  
  179  12:49  Refinery  
  179  12:50  Terran Infantry Weapons Level 3  
  179  12:51  Marine  
  180  12:53  Marauder  
  182  13:03  Terran Infantry Armor Level 3  
  182  13:07  Missile Turret  
  182  13:17  Ghost  
  182  13:19  Viking x2, Sensor Tower  
  188  13:23  Marauder, Marine x5  
  188  13:25  Marauder x2  
  199  13:37  Viking  
  199  13:40  Viking, Marauder, Marine x3  
  196  13:44  Marauder  
  196  13:46  Marauder  
  185  13:49  Viking  
  185  13:50  Marauder, Marine x3  
  187  13:55  Viking  
  187  14:02  Marauder, Command Center  
  187  14:05  Marauder, Marine x2  
  187  14:07  Viking  
  191  14:14  Viking  
  191  14:15  Ghost, Terran Ship Weapons Level 2  
  195  14:22  Ghost x2, Marine  
  193  14:31  Viking x2  
  193  14:36  Viking  
  187  14:39  Marine  
  187  14:40  Marine  
  187  14:41  Marauder x2  
  187  14:44  Viking, Marine  
  187  14:45  Marine  
  185  14:48  Marauder  
  185  14:50  Marauder  
  185  14:51  Marine  
  186  14:54  Ghost  
  186  14:57  Marine  
  185  15:01  Viking x2, Fusion Core  
  185  15:06  Marine x2  
  189  15:16  Liberator  
  189  15:17  Liberator  
  189  15:19  Refinery  
  189  15:20  Sensor Tower  
  189  15:21  Missile Turret  
  195  15:22  Sensor Tower, Refinery  
  195  15:25  Marauder  
  197  15:30  Neosteel Armor  
  197  15:35  Missile Turret  
  197  15:40  Planetary Fortress  
  197  15:50  Command Center  
  197  15:56  Starport  
  197  15:57  Command Center  
  196  16:08  Ghost  
  196  16:09  Ghost  
  200  16:14  Caduceus Reactor  
  198  16:20  Personal Cloaking  
  198  16:22  Ghost  
  200  16:32  Command Center  
  200  16:34  Command Center  
  196  16:45  Ghost  
  186  16:47  Marauder  
  186  16:48  Marine x2  
  180  16:55  Ghost  
  180  16:56  Marine x2  
  180  16:57  Marauder, Marine  
  179  17:01  Medivac  
  179  17:02  Marauder  
  179  17:09  Marauder  
  179  17:10  Advanced Ballistics  
  179  17:12  Starport Reactor, Missile Turret  
  179  17:13  Sensor Tower  
  179  17:14  Ghost  
  179  17:15  Ghost, Marine x4  
  184  17:16  Liberator  
  184  17:20  Liberator  
  195  17:23  Liberator  
  198  17:30  Terran Ship Weapons Level 3  
  195  17:47  Orbital Command  
  195  17:51  Missile Turret  
  195  17:53  Sensor Tower  
  195  17:59  Ghost  
  195  18:02  Liberator  
  200  18:10  Planetary Fortress  
  200  18:13  Refinery  
  200  18:26  Liberator  
  187  18:28  Ghost  
  187  18:32  Liberator  
  187  18:33  Ghost  
  192  18:35  Marauder  
  192  18:36  Liberator  
  198  18:41  Viking  
  198  18:44  Marine x2  
  198  18:45  Marauder  
  198  18:47  Marauder  
  198  18:54  Ghost  
  189  18:56  Marine  
  189  18:57  Marauder x2, Liberator, Marine  
  189  18:58  Viking  
  200  19:14  Viking  
  195  19:26  Viking x2  
  195  19:28  Marauder  
  195  19:31  Ghost  
  172  19:35  Marauder, Viking x2  
  172  19:36  Marauder  
  172  19:38  Marauder x2  
  179  19:39  Marine x2  
  179  19:40  Viking, Marine x2  
  179  19:41  Refinery  
  179  19:44  Viking  
  186  19:49  Marauder, Command Center  
  186  19:50  Refinery  
  188  19:55  Marine  
  187  20:03  Liberator x2  
  187  20:05  Liberator  
  196  20:07  Terran Vehicle And Ship Armor Level 1  
  196  20:15  Ghost  
  196  20:20  Orbital Command  
  198  20:28  Orbital Command  
  198  20:29  Command Center  
  198  20:45  Command Center  
  197  21:00  Liberator, Command Center  
  200  21:06  Medivac  
  198  21:12  Ghost  
  198  21:17  Orbital Command  
  200  21:22  Command Center  
  200  21:24  Command Center  
  200  21:28  Missile Turret  
  198  21:40  Ghost  
  197  21:47  Liberator  
  200  22:07  Ghost  
  186  22:08  Marauder  
  186  22:09  Marauder  
  186  22:10  Marauder, Liberator x3  
  186  22:11  Marauder x2, Marine x2  
  186  22:12  Marine  
  186  22:15  Orbital Command  
  198  22:20  Marine  
  199  22:27  Command Center  
  199  22:42  Orbital Command x2  
  199  22:54  Sensor Tower  
  197  23:08  Liberator  
  197  23:09  Liberator  
  189  23:15  Medivac  
  189  23:16  Marauder  
  189  23:18  Marauder  
  189  23:21  Medivac  
  189  23:22  Marauder, Marine  
  189  23:23  Planetary Fortress  
  189  23:25  Medivac  
  189  23:26  Marine x2  
  194  23:28  Ghost  
  196  23:35  Liberator  
  199  23:43  Marauder  
  199  23:45  Liberator  
  199  23:47  Marine  
  200  24:06  Marauder, Marine  
  200  24:09  Refinery  
Show
View Real Time Build Order
Export as new Build Order

herO Protoss 

Build Orders: 1 Gate Expand, Phoenix Opening 

Get SALT Encoding   

  12  0:00  Probe  
  13  0:12  Probe  
  14  0:17  Pylon  
  14  0:23  Probe  
  15  0:31  Probe  
  15  0:38  Gateway  
  15  0:40  Probe  
  16  0:46  Assimilator  
  17  0:51  Probe  
  18  1:03  Probe  
  19  1:15  Probe  
  20  1:25  Cybernetics Core  
  20  1:34  Nexus  
  20  1:40  Pylon  
  20  1:44  Probe  
  21  1:49  Stalker  
  21  1:51  Assimilator  
  21  1:56  Probe  
  24  2:06  Pylon  
  24  2:10  Probe  
  24  2:15  Stalker  
  25  2:21  Warp Gate  
  27  2:24  Probe  
  28  2:36  Probe  
  29  2:38  Stargate  
  29  2:45  Probe, Adept  
  29  2:47  Probe  
  32  2:53  Probe  
  32  2:55  Probe  
  34  3:02  Probe  
  36  3:05  Probe  
  37  3:13  Phoenix  
  37  3:14  Probe  
  37  3:18  Probe  
  39  3:26  Probe  
  42  3:30  Probe  
  42  3:33  Phoenix  
  43  3:35  Gateway  
  43  3:40  Probe  
  46  3:42  Probe  
  46  3:47  Pylon  
  47  3:51  Phoenix  
  47  3:52  Probe  
  47  3:54  Probe  
  49  4:02  Gateway  
  51  4:05  Probe  
  51  4:06  Probe  
  52  4:12  Twilight Council  
  52  4:15  Zealot  
  54  4:17  Phoenix  
  56  4:28  Nexus  
  56  4:34  Pylon  
  56  4:36  Probe x2  
  58  4:39  Charge, Zealot  
  58  4:45  Zealot  
  62  4:47  Pylon  
  62  4:52  Probe x2  
  64  5:02  Probe  
  64  5:04  Probe  
  66  5:07  Forge  
  66  5:09  Zealot x3  
  66  5:10  Protoss Ground Weapons Level 1, Probe  
  72  5:18  Pylon, Probe  
  72  5:20  Probe  
  75  5:29  Pylon  
  75  5:30  Probe  
  75  5:32  Probe  
  77  5:42  Sentry, Zealot  
  79  5:45  Zealot, Gateway  
  79  5:47  Gateway, Probe  
  79  5:48  Probe  
  85  5:50  Probe  
  86  6:00  Gateway x2  
  86  6:02  Gateway  
  86  6:03  Probe  
  87  6:11  Templar Archives  
  87  6:12  Zealot  
  87  6:13  Zealot  
  87  6:14  Zealot  
  93  6:30  Psionic Storm  
  91  6:34  Zealot x3  
  91  6:36  Nexus  
  91  6:37  Pylon  
  97  6:41  Zealot x2  
  97  6:43  Probe x3  
  104  6:47  Protoss Ground Weapons Level 2  
  104  6:53  Assimilator  
  104  6:55  High Templar, Probe x3  
  104  6:56  Zealot x2  
  113  7:01  Assimilator  
  113  7:07  Pylon x2  
  114  7:08  Probe x3  
  116  7:17  Pylon  
  116  7:25  Probe x3  
  116  7:26  Pylon  
  119  7:34  Zealot  
  119  7:35  Zealot x7  
  135  7:44  Gateway  
  135  7:45  Gateway  
  135  7:46  Probe x3  
  135  7:48  Probe  
  139  7:55  High Templar  
  139  7:56  Zealot x4  
  149  8:00  Zealot x3  
  153  8:09  Probe x4  
  127  8:14  Blink  
  107  8:22  Zealot x7  
  111  8:33  Probe  
  111  8:34  Probe x2  
  106  8:43  Zealot x2  
  106  8:44  Zealot x8  
  106  8:48  Archon  
  124  8:52  Assimilator, Robotics Facility  
  124  8:53  Assimilator  
  124  9:00  Forge  
  124  9:01  Protoss Ground Armor Level 1  
  124  9:02  Pylon, Robotics Facility  
  118  9:14  High Templar  
  118  9:15  Protoss Ground Weapons Level 3, Zealot x8  
  112  9:22  Zealot  
  102  9:35  Probe  
  102  9:38  High Templar x3  
  107  9:40  Zealot x5  
  107  9:42  Zealot  
  121  9:46  Observer  
  121  9:49  Warp Prism  
  121  9:50  Nexus  
  124  9:54  High Templar  
  124  9:58  Probe x4  
  130  10:02  Zealot x6  
  138  10:10  Probe x4  
  142  10:14  Photon Cannon  
  142  10:15  High Templar x2  
  142  10:16  Shield Battery  
  142  10:17  Observer  
  142  10:20  Zealot  
  149  10:27  Robotics Bay  
  149  10:29  Zealot x6  
  149  10:34  Pylon  
  161  10:42  Zealot x2  
  159  10:56  Zealot  
  159  10:57  Zealot x7  
  157  11:04  Zealot x2  
  157  11:07  Colossus  
  157  11:08  Colossus  
  123  11:17  Zealot x8  
  133  11:18  Protoss Ground Armor Level 2  
  133  11:25  Extended Thermal Lance  
  135  11:31  Archon  
  135  11:40  Zealot x8, High Templar x2  
  135  11:46  Colossus x2  
  149  12:01  Stalker  
  149  12:02  Stalker x2  
  149  12:04  Zealot x5  
  171  12:15  Zealot x2  
  171  12:24  Colossus, Zealot x8  
  171  12:25  Colossus  
  167  12:46  High Templar x2  
  167  12:47  Zealot x7  
  175  12:54  Zealot  
  177  13:00  Nexus  
  177  13:01  Pylon, Protoss Shields Level 1  
  177  13:07  Assimilator  
  177  13:10  Stalker x7  
  191  13:16  Zealot  
  193  13:22  Zealot x2  
  197  13:32  Protoss Ground Armor Level 3  
  197  13:34  Zealot  
  197  13:35  Observer  
  197  13:36  Colossus  
  178  13:43  Colossus  
  154  13:52  Zealot x9  
  156  14:11  High Templar  
  156  14:14  Archon, High Templar  
  156  14:16  Zealot x8  
  176  14:23  Photon Cannon  
  176  14:24  Shield Battery  
  176  14:27  Colossus  
  176  14:28  Colossus  
  153  14:42  Protoss Shields Level 2  
  153  14:43  Zealot x8  
  157  14:47  Stalker x2  
  133  15:06  Zealot x8  
  149  15:12  Colossus  
  149  15:16  Zealot  
  149  15:17  Zealot  
  159  15:21  Colossus  
  159  15:23  Nexus  
  159  15:27  High Templar x2  
  169  15:34  Sentry, Zealot x4  
  177  15:40  Zealot x3  
  181  15:50  Pylon  
  181  15:56  Stalker  
  181  15:57  Stalker x4  
  187  16:06  High Templar x2  
  187  16:07  Zealot x3  
  183  16:22  Stalker  
  183  16:23  Stalker x4  
  193  16:29  Zealot x3, Gateway  
  193  16:31  Gateway, Observer  
  196  16:44  Colossus x2  
  146  17:02  Zealot x10  
  164  17:08  Photon Cannon  
  164  17:09  Shield Battery  
  164  17:17  Nexus  
  164  17:19  Pylon  
  164  17:24  Archon, High Templar x2  
  164  17:25  Sentry, Zealot x4  
  164  17:26  Zealot x2  
  182  17:30  Zealot x2  
  182  17:35  Pylon  
  182  17:41  Stalker  
  182  17:43  Nexus  
  182  17:45  Pylon  
  182  17:47  Zealot x5, High Templar  
  194  17:53  Assimilator  
  194  18:05  Zealot x2, High Templar x2  
  196  18:09  Pylon  
  199  18:18  Pylon  
  179  18:30  Zealot x10  
  195  18:36  Observer  
  195  18:37  Observer  
  195  18:40  Archon  
  175  18:50  Colossus x2  
  175  18:55  Zealot, Stalker x5  
  159  18:56  Zealot x6  
  159  19:00  Archon  
  187  19:18  Zealot x6  
  198  19:29  Colossus  
  147  19:32  Colossus  
  119  19:39  Zealot  
  119  19:40  Zealot x11  
  141  19:50  Probe  
  141  19:58  Probe  
  138  20:01  High Templar x2  
  138  20:02  Zealot x8, High Templar x2  
  161  20:08  Probe  
  161  20:09  Shield Battery  
  161  20:11  Photon Cannon  
  162  20:17  Colossus  
  162  20:20  Colossus  
  160  20:23  Zealot x5  
  160  20:24  Zealot x3  
  188  20:34  Zealot  
  190  20:39  Photon Cannon, High Templar  
  190  20:42  Zealot x2  
  196  20:45  Nexus, Stalker x2  
  196  20:46  Pylon  
  200  20:54  Stalker x3  
  180  21:16  Stalker x9  
  196  21:25  Shield Battery, Photon Cannon  
  196  21:28  Stalker x2  
  200  21:38  Photon Cannon  
  200  21:39  Shield Battery  
  200  21:41  Archon  
  182  21:52  High Templar  
  182  21:53  Colossus x2, Zealot x10  
  200  21:57  Archon  
  130  22:16  Zealot x3  
  130  22:17  Zealot  
  130  22:19  Zealot x7  
  152  22:40  High Templar x2  
  152  22:41  Zealot x9  
  164  22:50  Assimilator  
  162  23:02  Zealot x9  
  144  23:18  Warp Prism  
  144  23:19  Archon, Warp Prism  
  118  23:25  Stalker x9  
  118  23:26  Zealot x2  
  107  23:51  High Templar  
  107  23:53  Zealot x10  
  106  24:14  Zealot x10  
Tags
 
Add a new tag
Caveats
  • Supply blocks, unpowered buildings, or Contaminate may cause inaccurate times.
  • Supply counts are checked every 10 seconds.